 Dungeon Crawl Stone Soup version 0.28.0-53-g5a82cb258f (webtiles) character file.

Game seed: 3614629164018690345

7898 Sanktem7 the Severer (level 11, -15/110 HPs)
             Began as a Minotaur Fighter on June 27, 2022.
             Was a Follower of Trog.
             Demolished by an ettin
             ... wielding a +0 dire flail
              (21 damage)
             ... on level 10 of the Dungeon on June 28, 2022.
             The game lasted 00:31:04 (13278 turns).

Sanktem7 the Severer (Minotaur Fighter)            Turns: 13278, Time: 00:31:05

Health: -15/110    AC: 21    Str: 24    XL:     11   Next: 2%
Magic:  10/10      EV:  5    Int:  5    God:    Trog [*.....]
Gold:   9          SH: 14    Dex: 14    Spells: 10/10 levels left

rFire   + . .      SeeInvis .   a - +0 war axe {axe}
rCold   + . .      Faith    .   J - +0 kite shield
rNeg    . . .      Spirit   .   I - +0 plate armour
rPois   .          Reflect  +   c - +2 hat
rElec   .          Harm     .   f - scarf {rC+ rF+}
rCorr   .          Rampage  .   m - +2 pair of gloves {Dex+3}
Will    .....                   (no boots)
Stlth   ..........              y - amulet of reflection
HPRegen 0.28/turn               i - +4 ring of protection
MPRegen 0.12/turn               j - ring of flight

@: flying, studying Axes
A: horns 2, retaliatory headbutt
a: Renounce Religion, Berserk


You were on level 10 of the Dungeon.
You worshipped Trog.
Trog was aware of your devotion.
You visited 2 branches of the dungeon, and saw 11 of its levels.

You collected 1061 gold pieces.
You spent 1052 gold pieces at shops.


Innate Abilities, Weirdness & Mutations

You have a pair of horns on your head.
You reflexively headbutt those who attack you in melee.


   Skills:
 * Level 14.2 Fighting
 * Level 15.9 Axes
 + Level 2.2 Slings
 + Level 5.7 Armour
 - Level 3.6 Shields


You had 10 spell levels left.
You didn't know any spells.
Your spell library contained the following spells:

 Spells                   Type           Power      Damage    Failure   Level
 Magic Dart               Conj           0%         1d3       100%        1
 Call Imp                 Summ           0%         N/A       100%        2
 Corpse Rot               Necr/Air       0%         N/A       100%        2
 Poisonous Vapours        Pois/Air       0%         N/A       100%        2
 Frozen Ramparts          Ice            0%         1d2       100%        3
 Mephitic Cloud           Conj/Pois/Air  0%         N/A       100%        3
 Dispel Undead            Necr           0%         3d6       100%        4
 Ice Form                 Ice/Tmut       0%         N/A       100%        4
 Summon Ice Beast         Ice/Summ       0%         N/A       100%        4
 Death Channel            Necr           0%         N/A       100%        6

Inventory:

Hand Weapons
 a - a +0 war axe (weapon) {axe}
 z - a +2 mace of holy wrath {mace}
   (You took it off an orc on level 8 of the Dungeon)
 D - the +6 hunting sling of Cataclysm {venom, rElec Int+3, sling}
   (You found it on level 9 of the Dungeon)

   Any ammunition fired from it poisons the flesh of those it strikes.
   Int:       It affects your intelligence (+3).
   rElec:     It insulates you from electricity.
 L - a +6 spear of freezing {polearm}
   (You took it off a gnoll sergeant on level 10 of the Dungeon)
Missiles
 b - 37 stones (quivered) {throwing}
 e - 13 bolts
 o - 2 datura-tipped darts {throwing}
 r - 11 poisoned darts {throwing}
 A - 19 sling bullets
 F - 2 atropa-tipped darts {throwing}
Armour
 c - a +2 hat (worn)
   (You found it on level 10 of the Dungeon)
 f - a scarf of resistance (worn)
   (You found it on level 1 of the Dungeon)
 m - a +2 pair of gloves of dexterity (worn)
   (You found it on level 2 of the Dungeon)
 I - a +0 plate armour (worn)
   (You took it off an orc warrior on level 9 of the Dungeon)
 J - a +0 kite shield (worn)
   (You took it off a gnoll sergeant on level 9 of the Dungeon)
Jewellery
 i - a +4 ring of protection (left hand)
   (You bought it in a shop on level 10 of the Dungeon)
 j - a ring of flight (right hand)
   (You bought it in a shop on level 10 of the Dungeon)
 y - an amulet of reflection (around neck)
   (You found it on level 4 of the Dungeon)
 B - a ring of willpower
   (You found it on level 8 of the Dungeon)
Wands
 q - a wand of polymorph (2)
   (You took it off Natasha on level 2 of the Dungeon)
 v - a wand of charming (4)
   (You took it off Ijyb on level 3 of the Dungeon)
 x - a wand of iceblast (6)
   (You found it on level 8 of the Dungeon)
Scrolls
 g - a scroll of silence {!r}
 k - 4 scrolls of fog
 n - a scroll of enchant weapon {unknown}
 p - a scroll of immolation {!r!r}
 s - 6 scrolls of teleportation {@r4}
 C - 2 scrolls of summoning
 K - a scroll of vulnerability {unknown}
Potions
 d - a potion of might
 h - a potion of flight {unknown}
 l - 2 potions of degeneration {!q@e2}
 t - a potion of attraction {unknown}
 u - a potion of haste {unknown}
 w - 8 potions of curing {@q1}
 G - a potion of heal wounds {@q2}
Miscellaneous
 E - a condenser vane
   (You found it on level 10 of the Dungeon)
 H - a tin of tremorstones (2/2) {throwing}
   (You found it on level 9 of the Dungeon)

Dungeon Overview and Level Annotations

Branches:
Dungeon (10/15)            Temple (1/1) D:7
   Lair: D:8-11         Orc: D:9-12

Altars:
Dithmenos
Makhleb
Qazlal
Sif Muna
Trog
Xom
Yredelemnul

Shops:
D:5 :   D:9 !   D:10 ==(

Annotations:
D:8 3 runed translucent doors, Brotato's ghost, novice DjCj

#.# #..... #.##...
#.#.### #[..#'...#
#:)}##.#...# ##T
#.##...# # # #.#
#...#.# ..# #CT##.#
#####+#####@....#
#...#.#...#....##
#####.#.#.#.#.#...#....
##..##...#...#.#...#
...
#....#...#...#.#...# .
.##..'.#.#.#.#.'...#
#.##.#.#...#...#...#
#..#.#.#.)[#...#...#
...#.#.#.#.#.#.#...#


You could see an ettin and a deep troll earth mage.


Message History

* * * LOW HITPOINT WARNING * * *
The centaur warrior zombie closely misses you.
The orc warrior hits you but does no damage. ๐Ÿ˜จ HP[-1]
You take 1 damage, and now have 44/103 hp.
You slice the centaur warrior zombie!! You hit the orc warrior.
You kill the orc warrior!
Trog accepts your kill. The centaur warrior zombie hits you!
* * * LOW HITPOINT WARNING * * *
The centaur warrior zombie kicks you but does no damage.
The centaur warrior zombie hits you but does no damage.
You block the centaur warrior zombie's attack.
Your Slings skill increases to level 2! ๐Ÿ˜จ HP[-7]
You take 7 damage, and now have 37/103 hp.
You slash the centaur warrior zombie! You barely miss the gnoll.
The gnoll hits you with a +0 club.
* * * LOW HITPOINT WARNING * * *
The centaur warrior zombie closely misses you.
The centaur warrior zombie kicks you but does no damage. ๐Ÿ˜จ HP[-1]
You take 1 damage, and now have 36/103 hp.
You barely miss the centaur warrior zombie.
You hit the gnoll. The gnoll hits you but does no damage.
The centaur warrior zombie hits you but does no damage.
You block the centaur warrior zombie's attack. ๐Ÿ˜จ HP[+1]
You slash the centaur warrior zombie!
You headbutt the centaur warrior zombie.
You destroy the centaur warrior zombie!
Trog accepts your kill.
You slash the gnoll! You block the gnoll's attack.
You have reached level 11! ๐Ÿ˜จ HP[+2] MP[+1]
You now have 110 max hp (+7).
You regained 2 hp, and now have 39/110 hp.
Your mp is fully restored (10).
You hit the gnoll.
You kill the gnoll!
Trog accepts your kill. ๐Ÿ˜จ HP[+1]
You start resting. ๐Ÿ˜Ž HP[+70]
Your hp is fully restored (110).
Items here: ))) [ รท.
There is an open door here.
There is an open door here.
E - a condenser vane
There is an open door here.
K - a scroll labelled POESAKHOATH
Items here: ))) [ รทรท.
L - a +6 spear of freezing {polearm}
Things that are here:
a +0 scale mail; a gnoll skeleton
There is an open door here.
There is an open door here.
A deep troll earth mage comes into view.
The deep troll earth mage shouts!
You hear two shouts!
The deep troll earth mage gestures next to you while chanting.
The wall shatters!
The blast of rock fragments hits you!! ๐Ÿ˜ฎ HP[-28]
You take 28 damage, and now have 82/110 hp.
MASSIVE DAMAGE!! (PAUSE)
There is an open door here.
You start resting.
An ettin comes into view.
It is wielding two +0 dire flails. ๐Ÿ˜• HP[+1]
The ettin shouts in stereo!
The ettin barely misses you.
The ettin hits you with a +0 dire flail!!
There is an open door, spattered with blood here. ๐Ÿ˜ฎ HP[-18]
You take 18 damage, and now have 65/110 hp. ๐Ÿ˜ฎ HP[+1]
You barely miss the ettin. You headbutt the ettin.
You block the ettin's attack. x2
The deep troll earth mage casts a spell next to you.
The wall shatters!
The blast of rock fragments hits you. ๐Ÿ˜ฎ HP[-4]
You take 4 damage, and now have 62/110 hp.
You hit the ettin but do no damage. You headbutt the ettin.
The ettin hits you with a +0 dire flail.
The ettin hits you with a +0 dire flail!
* * * LOW HITPOINT WARNING * * *
The deep troll earth mage gestures next to you while chanting.
Some rock shatters into small pieces. ๐Ÿ˜จ HP[-18]
You take 18 damage, and now have 44/110 hp.
You slash the ettin! You block the ettin's attack.
The ettin hits you with a +0 dire flail!!!
* * * LOW HITPOINT WARNING * * *
๐Ÿ˜ฑ HP[-37]
You take 37 damage, and now have 7/110 hp.
MASSIVE DAMAGE!! (PAUSE)
You feel much better.
The ettin hits you with a +0 dire flail!!
* * * LOW HITPOINT WARNING * * *
The ettin hits you with a +0 dire flail!!
You die...

Skill      XL: |  1  2  3  4  5  6  7  8  9 10 |
---------------+-------------------------------+-----
Fighting       | 4 5 6 7 8 10 12 14 | 14.2
Axes           | 3 4 5 6 8 10 13 15 | 15.9
Armour         | 5 |  5.7
Slings         | 2 |  2.2
Shields        | |  3.6

Action                   |  1- 3 |  4- 6 |  7- 9 | 10-12 || total
-------------------------+-------+-------+-------+-------++-------
Melee: War axe           |    79 |   141 |   247 |   148 ||   615
       Headbutt          |    14 |    19 |    57 |    37 ||   127
  Use: Scroll            |       |       |    13 |     2 ||    15
       Potion            |       |       |     5 |     1 ||     6
Armor: Scale mail        |    39 |    60 |    64 |    32 ||   195
       Skin              |       |     6 |       |       ||     6
       Plate armour      |       |       |       |    20 ||    20
Dodge: Dodged            |    32 |    72 |    69 |    54 ||   227
Block: Buckler           |    14 |    32 |   110 |    65 ||   221
       Reflection        |       |       |     5 |     1 ||     6
       Kite shield       |       |       |       |    28 ||    28

Levels and vault maps discovered:
D:1:      denvon_arrival_planthouse, layout_basic,
          shapermc_ecumenical_altar_mp_highgroup, chequers_serial_rivers_room_a,
          amethyst_killhole
D:2:      minmay_angry_zag, layout_basic, uniq_robin, uniq_natasha, uniq_jessica
D:3:      layout_basic, uniq_crazy_yiuf_cottage, uniq_ijyb, uniq_terence
D:4:      layout_cave_pools
D:5:      minmay_diamond_boxcup, layout_loops_ring, serial_shops, shop
D:6:      layout_basic, mainiacjoe_overflow_cross_hatched, uniq_eustachio
D:7:      layout_loops_ring, minmay_temple_entry_arrows, serial_bayou_pond_a,
          ebering_dispersal_statue_hall, uniq_menkaure
D:8:      layout_basic, gammafunk_ghost_spectres, serial_rivers,
          chequers_serial_rivers_micro_e, chequers_serial_rivers_large_b,
          chequers_serial_rivers_small_b, chequers_serial_rivers_micro_d,
          chequers_serial_rivers_small_a, chequers_serial_rivers_micro_c,
          kennysheep_generic_room_12
D:9:      layout_small_grid, serial_shops, nicolae_diamond_shop
D:10:     layout_irregular_city, serial_shops, nicolae_shop_advertising_works
          [nicolae_subvault_shop_adworks], shop, shop, shop,
          nicolae_shop_waterfront, minmay_the_grid_2x2 [minmay_the_grid_tree,
          minmay_the_grid_fan, minmay_the_grid_broken_lines,
          minmay_the_grid_prize_diamond_cup]
Temple:   compressed_dpeg_circular_temple

Notes
Turn   | Place    | Note
-------+----------+-------------------------------------------
     0 | D:1      | Sanktem7 the Minotaur Fighter began the quest for the Orb.
     0 | D:1      | Reached XP level 1. HP: 19/19 MP: 0/0
     0 | D:1      | magus.rc [v1.9.6]
   154 | D:1      | Reached skill level 4 in Fighting
   154 | D:1      | Reached XP level 2. HP: 27/27 MP: 1/1
   183 | D:1      | Reached skill level 3 in Axes
   236 | D:1      | Found a faded altar of an unknown god.
   994 | D:1      | Reached XP level 3. HP: 29/34 MP: 2/2
  1348 | D:2      | Noticed Jessica
  1351 | D:2      | Killed Jessica
  1352 | D:2      | Reached skill level 5 in Fighting
  1352 | D:2      | Reached skill level 4 in Axes
  1352 | D:2      | Reached XP level 4. HP: 38/42 MP: 3/3
  1605 | D:2      | Noticed Natasha
  1611 | D:2      | Killed Natasha
  1635 | D:2      | Noticed Robin
  1645 | D:2      | Killed Robin
  1650 | D:2      | HP: 10/42 [goblin/+0 dagger[Robin] (2)]
  2242 | D:2      | Reached XP level 5. HP: 44/48 MP: 4/4
  2426 | D:2      | Noticed Natasha
  2433 | D:2      | Killed Natasha
  2434 | D:2      | Reached skill level 5 in Axes
  2513 | D:2      | Noticed Natasha
  2526 | D:2      | Killed Natasha
  2882 | D:3      | Reached skill level 6 in Fighting
  3165 | D:3      | Noticed Ijyb
  3171 | D:3      | Killed Ijyb
  3172 | D:3      | Reached XP level 6. HP: 58/58 MP: 5/5
  3486 | D:3      | Noticed Terence
  3495 | D:3      | Killed Terence
  3923 | D:4      | Reached skill level 6 in Axes
  3926 | D:4      | Reached skill level 7 in Fighting
  4240 | D:4      | You pick up a book of Vapours and begin reading...
  4240 | D:4      | You add the spells Poisonous Vapours and Corpse Rot to your
                  | library.
  4465 | D:5      | Entered Level 5 of the Dungeon
  4469 | D:5      | Reached XP level 7. HP: 66/66 MP: 6/6
  4475 | D:5      | Reached skill level 7 in Axes
  4647 | D:5      | Reached skill level 8 in Fighting
  4828 | D:5      | Found Qevusut's Book Emporium.
  4859 | D:5      | Reached skill level 8 in Axes
  5159 | D:5      | Reached XP level 8. HP: 63/75 MP: 7/7
  5471 | D:5      | Reached skill level 9 in Fighting
  5481 | D:5      | Reached skill level 9 in Axes
  5724 | D:6      | Reached skill level 10 in Fighting
  6005 | D:6      | Reached skill level 10 in Axes
  6013 | D:6      | HP: 13/80 [yak (10)]
  6014 | D:6      | Reached XP level 9. HP: 14/86 MP: 8/8
  6014 | D:6      | HP: 1/86 [yak (14)]
  6020 | D:6      | Reached skill level 11 in Fighting
  6444 | D:6      | Found a shadowy altar of Dithmenos.
  6445 | D:6      | Noticed Eustachio
  6457 | D:6      | Killed Eustachio
  6735 | D:6      | Reached skill level 11 in Axes
  7600 | D:6      | Identified 2 scrolls of acquirement
  7604 | D:6      | Acquired 506 gold pieces
  7605 | D:6      | Acquired a manual of Axes
  7881 | D:7      | Found a staircase to the Ecumenical Temple.
  7882 | D:7      | You pick up a book of Decay and begin reading...
  7882 | D:7      | You add the spells Dispel Undead and Death Channel to your
                  | library.
  7942 | D:7      | Noticed Menkaure
  7962 | Temple   | Entered the Ecumenical Temple
  7969 | Temple   | Became a worshipper of Trog the Wrathful
  8092 | Temple   | magus.rc [v1.9.6]
  8197 | D:7      | Killed Menkaure
  8198 | D:7      | Reached skill level 12 in Fighting
  8198 | D:7      | Reached skill level 12 in Axes
  8499 | D:7      | You pick up a book of Minor Magic {forbidden} and begin
                  | reading...
  8499 | D:7      | You add the spells Magic Dart, Call Imp and Mephitic Cloud
                  | to your library.
  9094 | D:8      | You pick up a book of Rime {forbidden} and begin reading...
  9094 | D:8      | You add the spells Frozen Ramparts, Ice Form and Summon Ice
                  | Beast to your library.
  9376 | D:8      | Reached skill level 13 in Axes
  9408 | D:8      | Reached XP level 10. HP: 96/100 MP: 9/9
  9664 | D:8      | HP: 24/100 [hornet zombie (6)]
  9669 | D:8      | HP: 16/100 [poisoned by a killer bee]
 10038 | D:8      | Found a runed translucent gate.
 10039 | D:8      | Found a runed translucent gate.
 10039 | D:8      | Found a runed translucent gate.
 10042 | D:8      | Noticed Brotato's ghost (novice DjCj)
 10766 | D:9      | Reached skill level 13 in Fighting
 10773 | D:9      | HP: 22/101 [troll (6)]
 10776 | D:9      | Reached skill level 14 in Axes
 10776 | D:9      | Reached skill level 4 in Armour
 10836 | D:9      | Noticed a two-headed ogre
 11098 | D:9      | Killed a two-headed ogre
 11103 | D:9      | Noticed a two-headed ogre
 11304 | D:9      | Killed a two-headed ogre
 11311 | D:9      | Reached skill level 15 in Axes
 11311 | D:9      | Reached skill level 5 in Armour
 11313 | D:9      | Identified the +6 hunting sling of Cataclysm {venom, rElec
                  | Int+3}
 11553 | D:9      | Reached * piety under Trog
 11558 | D:9      | Reached skill level 1 in Slings
 12209 | D:9      | Reached skill level 14 in Fighting
 12277 | D:9      | Found Folify's Distillery.
 12285 | D:9      | Bought a potion of curing for 39 gold pieces
 12285 | D:9      | Bought a potion of heal wounds for 65 gold pieces
 12285 | D:9      | Bought a potion of curing for 39 gold pieces
 12633 | D:10     | Entered Level 10 of the Dungeon
 12667 | D:10     | Found Irpha's Weapon Boutique.
 12875 | D:10     | Found Temmekum's Jewellery Boutique.
 12892 | D:10     | Found Racybut's Jewellery Emporium.
 12895 | D:10     | Bought a +4 ring of protection for 612 gold pieces
 12895 | D:10     | Bought a ring of flight for 297 gold pieces
 12940 | D:10     | Reached skill level 2 in Slings
 12943 | D:10     | Reached XP level 11. HP: 39/110 MP: 10/10
 13265 | D:10     | Noticed a deep troll earth mage
 13268 | D:10     | Noticed an ettin
 13277 | D:10     | HP: 7/110 [ettin/+0 dire flail (37)]
 13278 | D:10     | Demolished by an ettin

Vanquished Creatures
  2 two-headed ogres (D:9)
  2 trolls (D:9)
  A hornet (D:9)
  A slime creature (D:10)
  3 wyverns
  4 yaks (D:6)
  A shadow (D:9)
  Eustachio (D:6)
  Menkaure (D:7)
  An acid dragon (D:9)
  3 water moccasins
  4 orc warriors
  A black bear (D:5)
  An ice beast (D:6)
  2 sky beasts
  2 hornet zombies (D:8)
  4 ogres
  3 necrophages
  2 centaurs
  A phantom (D:5)
  A kobold brigand (D:8)
  2 gnoll sergeants
  A scorpion (D:5)
  A wyvern skeleton (D:5)
  A water moccasin skeleton (D:6)
  10 killer bees (D:8)
  A howler monkey (D:5)
  5 centaur zombies
  A bullfrog zombie (D:5)
  A hound (D:6)
  A jelly (D:5)
  6 orc priests
  A gnoll shaman (D:8)
  2 bullfrog skeletons
  Jessica (D:2)
  A centaur skeleton (D:5)
  Ijyb (D:3)
  2 iguanas
  An orc wizard (D:9)
  Natasha (thrice) (D:2)
  Terence (D:3)
  A howler monkey skeleton (D:3)
  A howler monkey zombie (D:9)
  Robin (D:2)
  14 gnolls
  7 adders
  2 shadow imps
  A white imp (D:6)
  A worm (D:2)
  A dart slug (D:2)
  25 orcs
  6 ball pythons
  5 bats
  6 endoplasms
  A giant cockroach (D:4)
  18 goblins
  7 hobgoblins
  11 jackals
  3 quokkas
  3 frilled lizards (D:1)
  15 kobolds
  3 rats
216 creatures vanquished.

Table legend:
 A = Non-vault XP
 B = Vault XP
 C = Vault XP percentage of total XP
 D = Non-vault monster count
 E = Vault monster count
 F = Vault count percentage of total count
                 A         B        C        D         E       F
            +---------+---------+-------+---------+---------+-------
      Total |    8988 |    2295 |  20.3 |     181 |      35 |  16.2
            +---------+---------+-------+---------+---------+-------
        D:1 |      45 |       0 |   0.0 |      26 |       0 |   0.0
        D:2 |     127 |     111 |  46.6 |      23 |      18 |  43.9
        D:3 |      89 |      68 |  43.3 |      13 |       2 |  13.3
        D:4 |     256 |       0 |   0.0 |      16 |       0 |   0.0
        D:5 |     895 |     509 |  36.3 |      15 |       7 |  31.8
        D:6 |    2059 |     185 |   8.2 |      25 |       1 |   3.8
        D:7 |     250 |     172 |  40.8 |      10 |       1 |   9.1
        D:8 |    1384 |     217 |  13.6 |      28 |       2 |   6.7
        D:9 |    3741 |       0 |   0.0 |      20 |       0 |   0.0
       D:10 |     142 |    1033 |  87.9 |       5 |       4 |  44.4
            +---------+---------+-------+---------+---------+-------

Illustrated notes

Table legend:
 A = Kills in this place as a percentage of kills in entire the game.
 B = Kills by you in this place as a percentage of kills by you in the entire game.
 C = Kills by friends in this place as a percentage of kills by friends in the entire game.
 D = Other kills in this place as a percentage of other kills in the entire game.
 E = Experience gained in this place as a percentage of experience gained in the entire game.
 F = Experience gained in this place divided by the number of levels of this place that you have seen.
                   A       B       C       D       E      F
               +-------+-------+-------+-------+-------+----------------------
         Total | 100.0 | 100.0 |   N/A |   N/A | 100.0 | 1025.7
       Dungeon | 100.0 | 100.0 |   N/A |   N/A | 100.0 | 1128.3
               +-------+-------+-------+-------+-------+----------------------

Table legend: (Time is in decaauts)
 A = Elapsed time spent in this place.
 B = Non-inter-level travel time spent in this place.
 C = Inter-level travel time spent in this place.
 D = Time resting spent in this place.
 E = Time spent auto-exploring this place.
 F = Levels seen in this place.
 G = Mean time per level.
                   A        B        C        D        E       F      G
               +--------+--------+--------+--------+--------+-----+--------+
         Total |  13375 |  13080 |    295 |   3148 |   7881 |  11 | 1215.9 |
       Dungeon |  13226 |  12937 |    289 |   3037 |   7881 |  10 | 1322.6 |
        Temple |    148 |    142 |      6 |    111 |      0 |   1 |  148.0 |
               +--------+--------+--------+--------+--------+-----+--------+

Top non-repeatable levels by time:
     D:8: 2603 daAuts
     D:6: 2036 daAuts
     D:2: 1626 daAuts
     D:9: 1422 daAuts
     D:1: 1245 daAuts
     D:5: 1183 daAuts
     D:3: 1026 daAuts
     D:7: 806 daAuts
    D:10: 638 daAuts
     D:4: 637 daAuts
  Temple: 148 daAuts
